 Dungeon Crawl Stone Soup version 0.30-a0-373-gd37427bb62 (webtiles) character file.

Game seed: 10429671522229523125

2 flotson the Sneak (level 1, -1/18 HPs)
             Began as a Demonspawn Delver on Nov 24, 2022.
             Killed by nerve-wracking pain
             ... invoked by Menkaure
              (4 damage)
             ... on level 5 of the Dungeon.
             The game lasted 00:00:28 (43 turns).

flotson the Sneak (Demonspawn Delver)                 Turns: 43, Time: 00:00:29

Health: -1/18      AC:  3    Str: 12    XL:     1   Next: 25%
Magic:  1/1        EV: 11    Int: 11    God:
Gold:   0          SH:  0    Dex: 14    Spells: 0/0 levels left

rFire   . . .      SeeInvis .    a - +0 spear
rCold   . . .      Faith    .    (no shield)
rNeg    . . .      Spirit   .    b - +0 leather armour
rPois   .          Reflect  .    (no helmet)
rElec   .          Harm     .    (no cloak)
rCorr   .          Rampage  .    (no gloves)
Will    .....                    (no boots)
Stlth   ++........               (no amulet)
HPRegen 0.23/turn                (no ring)
MPRegen 0.07/turn                (no ring)

@: no status effects
A: no striking features
a: no special abilities


You were on level 5 of the Dungeon.
You visited 1 branch of the dungeon, and saw 1 of its levels.

Inventory:

Hand Weapons
 a - a +0 spear (weapon)
Armour
 b - a +0 leather armour (worn)
Wands
 g - a wand of digging (2)
Scrolls
 c - a scroll of fog
Potions
 f - a potion of haste


   Skills:
 + Level 3.0 Fighting
 - Level 1.7 Polearms
 + Level 0.1 Armour
 + Level 1.8 Dodging
 - Level 4.5 Stealth
 + Level 0.1 Evocations


You couldn't memorise any spells.
You didn't know any spells.
Your spell library was empty.

Dungeon Overview and Level Annotations

Branches:
Dungeon (5/15)
 Temple: D:4-7

Altars:

Annotations:
D:5 Grinder, Menkaure


Message History

The orc wizard flickers and vanishes!
Deactivating autopickup; reactivate with Ctrl-A.
Unknown command.
As you read the scroll of fear, it crumbles to dust.
You assume a fearsome visage.
The orc wizard looks frightened!
The orc looks frightened!
The orc wizard gestures wildly while chanting.
The orc wizard flickers and vanishes!
As you read the scroll of magic mapping, it crumbles to dust.
You feel aware of your surroundings.
There is a stone staircase leading down here.
Menkaure, Prince of Dust comes into view.
Menkaure shouts!
Aiming: Dig
Press: ? - help, Shift-Dir - straight line A rock wall.
The rock shatters into small pieces.
Found 7 stones and 19 gold pieces.
Found a stone staircase leading down.
Grinder comes into view.
Grinder shouts!
Grinder blinks!
Menkaure casts a spell at you. Pain shoots through your body!
Menkaure casts a spell.
Menkaure seems to speed up.
Grinder gestures at you.
You suddenly lose the ability to move!
Menkaure calls on the powers of darkness!
Your body is wracked with pain!
Grinder hits you.
* * * LOW HITPOINT WARNING * * *
You can move again.
You see here 19 gold pieces.
Unknown command.
Grinder blinks!
Grinder blinks!
Found a stone staircase leading down.
Menkaure gestures at you while chanting.
Pain shoots through your body!
You die...

#.####.#.#### **,,,,****
*** #.# ##..## *,,****
****,, #.# ##$.#
**,***********,,,,* #.**
##.###*,,,,,,,,,,,,,,,*,,
*,,**
#.M.##******,,,,,,,,,,,*
**,,* ###..##
*,******,**,, **,*
#####..######.##*,,,,****
*,**
#...............,,**** *
*,,* ##...###@###.##****
* **,* ###>**#...#,* **
*,* #.,,.##...# *, *,*
##*#.**#..# ***, *,*
*..,,,..# **,,, *,**
***#..***,## *,,*, *,,*
*,,...***,,***** **,**,
*** **,*
**,###.,,**,,,,,***,,**,
,,* *,***,,*
*,,<,,,,**,*,,,***,


You could see Menkaure (fast).

Vanquished Creatures
  An orc (D:5)
1 creature vanquished.

Notes
Turn   | Place    | Note
-------+----------+-------------------------------------------
     0 | D:5      | flotson the Demonspawn Delver began the quest for the Orb.
     0 | D:5      | Reached XP level 1. HP: 18/18 MP: 1/1
     7 | D:5      | Noticed an orc wizard
    10 | D:5      | Noticed an orc wizard
    24 | D:5      | Noticed Menkaure
    28 | D:5      | Noticed Grinder
    34 | D:5      | Paralysed by Grinder for 3 turns
    43 | D:5      | Killed from afar by Menkaure

Illustrated notes

Levels and vault maps discovered:
D:5:      layout_rooms, uniq_edmund, uniq_grinder, uniq_menkaure

Action                   || total
-------------------------++-------
Melee: Spear             ||     7
Evoke: Wand              ||     1
  Use: Scroll            ||     2
 Stab: Distracted        ||     1

Table legend: (Time is in decaauts)
 A = Elapsed time spent in this place.
 B = Non-inter-level travel time spent in this place.
 C = Inter-level travel time spent in this place.
 D = Time resting spent in this place.
 E = Time spent auto-exploring this place.
 F = Levels seen in this place.
 G = Mean time per level.
                   A        B        C        D        E       F      G
               +--------+--------+--------+--------+--------+-----+--------+
         Total |     43 |     43 |      0 |      0 |      4 |   1 |   43.0 |
       Dungeon |     43 |     43 |      0 |      0 |      4 |   1 |   43.0 |
               +--------+--------+--------+--------+--------+-----+--------+

Top non-repeatable levels by time:
     D:5: 43 daAuts
